 Dungeon Crawl Stone Soup version 0.27.1-3-gb3d3a73c9e (webtiles) character file.

Game seed: 18409878821228402736

5141 Erina the Cleaver (level 10, 0/88 HPs)
             Began as a Minotaur Berserker on Oct 17, 2021.
             Was a High Priest of Trog.
             Slain by a death yak (10 damage)
             ... on level 8 of the Dungeon.
             The game lasted 00:30:42 (10267 turns).

Erina the Cleaver (Minotaur Berserker)             Turns: 10267, Time: 00:30:43

Health: 0/88       AC: 19    Str: 22    XL:     10   Next: 33%
Magic:  0/9        EV:  2    Int:  6    God:    Trog [*****.]
Gold:   444        SH: 12    Dex: 11    Spells: 9/9 levels left

rFire    . . .     SeeInvis .   i - +3 war axe (vorpal)
rCold    . . .     Faith    .   h - +0 tower shield
rNeg     . . .     Spirit   +   m - +1 plate armour {Will+}
rPois    .         Reflect  .   (helmet restricted)
rElec    .         Harm     .   C - +0 cloak
rCorr    .         Rampage  .   G - +0 pair of gloves
Will     +++..                  F - +0 pair of boots
Stlth    ..........             n - amulet of guardian spirit
HPRegen  1.24/turn              (no ring)
MPRegen  0.11/turn              (no ring)

@: strong-willed, on berserk cooldown, regenerating, slowed, very slow
A: horns 2, retaliatory headbutt
a: Renounce Religion, Berserk, Trog's Hand, Brothers in Arms


You were on level 8 of the Dungeon.
You worshipped Trog.
Trog was extremely pleased with you.
You visited 1 branch of the dungeon, and saw 9 of its levels.
You also visited: Sewer.

You collected 444 gold pieces.

Inventory:

Hand Weapons
 i - a +3 vorpal war axe (weapon)
 u - a +0 dire flail
 w - a +5 great sword
 B - a +3 quarterstaff of chaos
 H - a +2 vorpal halberd
Missiles
 c - 2 boomerangs of dispersal
 s - 119 stones (quivered)
 v - a throwing net
 I - 2 javelins
 N - 8 boomerangs
Armour
 h - a +0 tower shield (worn)
 m - a +1 plate armour of willpower (worn)
 C - a +0 cloak (worn)
 F - a +0 pair of boots (worn)
 G - a +0 pair of gloves (worn)
 L - +0 acid dragon scales
 O - a +0 plate armour of fire resistance
Jewellery
 a - an amulet of reflection
 n - an amulet of guardian spirit (around neck)
 y - the ring "Kumutz" {Fire rElec Str+4 Slay+2 Stlth+}
   (You found it on level 6 of the Dungeon)

   [ring of fire]

   It enhances your fire magic.
   Str:       It affects your strength (+4).
   Slay:      It affects your accuracy & damage with ranged weapons and melee
   (+2).
   rF:        It protects you from fire.
   rC:        It makes you vulnerable to cold.
   rElec:     It insulates you from electricity.
   Stlth:     It makes you more stealthy.
 K - a ring of willpower
Wands
 r - a wand of flame (51)
 t - a wand of digging (5)
 E - a wand of iceblast (7)
Scrolls
 j - 3 scrolls of fog
 p - 9 scrolls of identify
 q - 4 scrolls of brand weapon
 A - a scroll of vulnerability {unknown}
 J - a scroll of fear {unknown}
Potions
 b - a potion of berserk rage {unknown}
 d - 2 potions of ambrosia {unknown}
 e - a potion of invisibility {unknown}
 f - 2 potions of lignification {unknown}
 g - a potion of might {unknown}
 k - 3 potions of curing
 l - a potion of brilliance {unknown}
 o - 3 potions of heal wounds
 x - a potion of magic {unknown}
 z - 2 potions of flight
 D - 2 potions of mutation {unknown}
Miscellaneous
 M - a phial of floods


   Skills:
 + Level 7.7 Fighting
 * Level 14.1 Axes
 + Level 9.4 Armour
 - Level 2.1 Dodging


You had 9 spell levels left.
You didn't know any spells.
Your spell library was empty.

Dungeon Overview and Level Annotations

Branches:
Dungeon (9/15)             Temple (0/1) D:4             Orc (0/2) D:9
  Sewer (visited)
   Lair: D:8-11

Altars:
Okawaru
Trog
Uskayaw
Xom
Zin

Shops:
D:3 :


Innate Abilities, Weirdness & Mutations

You have a pair of horns on your head.
You reflexively headbutt those who attack you in melee.


Message History

The death yak gores you!
* * * LOW HITPOINT WARNING * * *
The death yak snorts and paws the ground.
The hell rat twitches its whiskers.
You block the death yak's attack.
The death yak gores you but does no damage.
You block the death yak's attack.
The death yak snorts and paws the ground.
The yak gores you but does no damage. The death yak gores you. x2
The death yak gores you.
The rat twitches its whiskers.
The death yak snorts and paws the ground.
The death yak gores you.
* * * LOW HITPOINT WARNING * * *
The rat twitches its whiskers.
The death yak gores you but does no damage.
The death yak gores you.
* * * LOW HITPOINT WARNING * * *
You block the death yak's attack. The death yak gores you!
* * * LOW HITPOINT WARNING * * *
The death yak gores you.
* * * LOW HITPOINT WARNING * * *
There is an open door here.
The death yak gores you but does no damage.
There is a stone staircase leading up here.
Things that are here:
a +0 mace; a +0 leather armour; an orc corpse You climb upwards.
There is a stone staircase leading down here.
The death yak gores you!!
* * * LOW HITPOINT WARNING * * *
You block the death yak's attack. The death yak completely misses you.
You block the death yak's attack. The death yak gores you.
* * * LOW HITPOINT WARNING * * *
There is an open door here.
Your skin crawls.
You feel strong-willed. The death yak gores you!
You die...

#....######...######.#### #.#
###..##...........##....###.#
#....'...........'.........#
#.####...........#####.##### #.#
#####...##### #.# ##.#
#≈≈≈#...#≈≈≈#####.### #####.<#
#≈≈≈#...#≈≈≈##......#
.......####≈≈≈#...#≈≈≈##....#.###
###......#######@#######.........
# ##...### #####Y### ##...##.###
#####..# #....Y..# #.#.###.###
##.....# ##...>.## #..........
##.###.# ##...## #.......##. ##.#
#.# ##+## ##....P.##. ##.###)#
#[# #..._..##. .......# #.#
#..PP..##. ##.##### ##.##
#......##.


You could see 2 death yaks.

Vanquished Creatures
  Prince Ribbit (D:7)
  A wyvern (D:9)
  2 steam dragons (D:7)
  An acid dragon (D:8)
  2 water moccasins
  An ice beast (D:6)
  A sky beast (D:6)
  4 orc warriors
  5 ogres
  The ghost of bignoob the Skirmisher, an amateur FoFi of Wu Jian (D:3)
  4 black bears
  3 necrophages (D:6)
  2 centaurs
  A kobold brigand (Sewer)
  2 bullfrogs
  5 scorpions
  A water moccasin skeleton (D:6)
  12 killer bees
  An oklob sapling (D:4)
  4 wights (D:7)
  2 howler monkeys
  A centaur zombie (D:5)
  2 centaur skeletons
  A gnoll shaman (D:6)
  5 hounds
  2 orc priests
  Crazy Yiuf (D:6)
  3 jellies
  2 bullfrog skeletons (D:6)
  2 iguanas (D:5)
  5 orc wizards
  A killer bee zombie (D:8)
  9 gnolls
  8 adders
  4 river rats
  An adder skeleton (D:4)
  6 worms
  6 dart slugs
  25 orcs
  6 ball pythons
  5 bats
  7 endoplasms
  3 giant cockroaches
  2 goblins
  8 hobgoblins
  18 jackals
  2 quokkas
  5 frilled lizards
  14 kobolds
  13 rats
223 creatures vanquished.

Vanquished Creatures (others)
  17 plants (D:4)
17 creatures vanquished.

Grand Total: 240 creatures vanquished

Notes
Turn   | Place    | Note
-------+----------+-------------------------------------------
     0 | D:1      | Erina the Minotaur Berserker began the quest for the Orb.
     0 | D:1      | Reached XP level 1. HP: 19/19 MP: 0/0
    31 | D:1      | Found a faded altar of an unknown god.
   110 | D:1      | Reached skill level 4 in Axes
   293 | D:1      | Reached XP level 2. HP: 27/27 MP: 1/1
   584 | D:1      | Reached XP level 3. HP: 32/33 MP: 2/2
   692 | D:1      | Reached ** piety under Trog
  1383 | D:2      | Reached skill level 5 in Axes
  1445 | D:2      | Reached XP level 4. HP: 40/40 MP: 3/3
  1621 | D:3      | Noticed a bullfrog
  1631 | D:3      | Killed a bullfrog
  1632 | D:3      | Reached skill level 6 in Axes
  1632 | D:3      | Reached XP level 5. HP: 41/47 MP: 4/4
  1688 | D:3      | Reached *** piety under Trog
  2061 | D:3      | Found Wokeor's Book Boutique.
  2250 | D:3      | Found a runed translucent door.
  2251 | D:3      | Noticed bignoob's ghost (amateur FoFi)
  2403 | D:4      | Noticed an angel
  2404 | D:4      | Found a glowing silver altar of Zin.
  2405 | D:4      | Found a shimmering altar of Xom.
  2463 | D:4      | Noticed a centaur
  2477 | D:4      | Killed a centaur
  2478 | D:4      | Reached skill level 7 in Axes
  2478 | D:4      | Reached XP level 6. HP: 28/53 MP: 3/5
  2984 | D:4      | Found a staircase to the Ecumenical Temple.
  3074 | D:4      | Reached skill level 8 in Axes
  3074 | D:4      | Reached XP level 7. HP: 18/60 MP: 4/6
  3106 | D:4      | Reached skill level 5 in Armour
  3479 | D:4      | Reached skill level 5 in Fighting
  3682 | D:4      | Reached skill level 9 in Axes
  4134 | D:3      | Killed bignoob's ghost
  4175 | D:5      | Entered Level 5 of the Dungeon
  4185 | D:5      | Identified a scroll of acquirement
  4185 | D:5      | Acquired a +3 vorpal war axe
  4257 | D:5      | Reached XP level 8. HP: 49/69 MP: 4/7
  4480 | D:5      | Reached skill level 10 in Axes
  5155 | D:5      | Reached **** piety under Trog
  5653 | D:6      | Reached skill level 11 in Axes
  5700 | D:6      | Found a glowing drain.
  5711 | Sewer    | Entered a sewer
  5849 | Sewer    | Found a white marble altar of Elyvilon.
  5998 | D:6      | Identified the ring "Kumutz" {Fire rElec Str+4 Slay+2
                  | Stlth+}
  6043 | D:6      | Reached XP level 9. HP: 75/75 MP: 8/8
  6262 | D:6      | Found a runed translucent door.
  6263 | D:6      | Noticed Crazy Yiuf
  6269 | D:6      | Killed Crazy Yiuf
  6399 | D:6      | Reached skill level 12 in Axes
  6741 | D:7      | Noticed Prince Ribbit
  6759 | D:7      | Killed Prince Ribbit
  7294 | D:7      | Reached skill level 13 in Axes
  7924 | D:7      | Found an iron altar of Okawaru.
  7924 | D:7      | Found a hide-covered altar of Uskayaw.
  8648 | D:8      | Found a bloodstained altar of Trog.
  8657 | D:8      | Reached XP level 10. HP: 70/75 MP: 9/9
  8660 | D:8      | Reached ***** piety under Trog
  9854 | D:9      | Found a staircase to the Orcish Mines.
  9875 | D:9      | Reached skill level 14 in Axes
 10228 | D:9      | Noticed a death yak
 10229 | D:9      | Noticed a death yak
 10235 | D:9      | Noticed a death yak
 10267 | D:8      | Slain by a death yak

Illustrated notes

Levels and vault maps discovered:
D:1:      nicolae_arrival_washed_ashore, layout_loops_ring,
          chequers_ecumenical_altar_island
D:2:      layout_basic
D:3:      layout_rooms, serial_shops, shop, gammafunk_ghost_grave
D:4:      layout_loops_cross, grunt_temple_overflow_order_and_chaos_1,
          minmay_temple_entry_oklob, minmay_surrounded
D:5:      layout_basic, enter_ossuary_3, kennysheep_generic_room_14
D:6:      layout_gridville, lightli_sewer_entry_pipes, uniq_crazy_yiuf_cottage
D:7:      layout_loops_ring, amethyst_overflow_temple_binary,
          minmay_misc_feat_rows, minmay_crossroads, uniq_prince_ribbit1
D:8:      layout_loops_corners, trog_ov_bears_minmay, serial_aquarium,
          aquarium_bridge_straight [aquarium_subvault_bridge,
          aquarium_subvault_balcony, aquarium_subvault_bridge,
          aquarium_subvault_wall], aquarium_window_fake, aquarium_window_2,
          aquarium_window_fake, aquarium_window_1, aquarium_view_2e,
          aquarium_balcony_3b, aquarium_pool_four, kennysheep_donut,
          minmay_checkerbox
D:9:      layout_gridville, dpeg_lair_monsters, david_orc_3

Skill      XL: |  1  2  3  4  5  6  7  8  9 10 |
---------------+-------------------------------+-----
Axes           | 4 5 6 7 8 9 11 13 14 | 14.1
Fighting       | 4 5 6 7 |  7.7
Armour         | 3 4 6 7 8 9 |  9.4
Dodging        | |  2.1

Action                   |  1- 3 |  4- 6 |  7- 9 | 10-12 || total
-------------------------+-------+-------+-------+-------++-------
Melee: Hand axe          |   115 |   117 |    75 |       ||   307
       Headbutt          |    18 |    20 |    60 |    11 ||   109
       War axe           |       |       |   270 |    87 ||   357
Invok: Berserk           |       |     1 |     6 |     3 ||    10
       Trog's Hand       |       |       |       |     2 ||     2
  Use: Scroll            |       |       |     8 |       ||     8
Armor: Plate armour      |    72 |    73 |   203 |    89 ||   437
Dodge: Dodged            |    28 |    25 |    47 |    14 ||   114
Block: Tower shield      |       |       |   109 |    87 ||   196
       Buckler           |       |       |     2 |       ||     2
